 Dungeon Crawl Stone Soup version 0.21-a0-356-g45b0a09 (webtiles) character file.

1449 grizmgrazm2 the Covert (level 8, -15/54 HPs)
             Began as a Vampire Enchanter on Oct 12, 2017.
             Was a Priest of Dithmenos.
             Engulfed by a cloud of flame (17 damage)
             ... on level 6 of the Dungeon.
             The game lasted 00:20:37 (6796 turns).

grizmgrazm2 the Covert (Vampire Enchanter)          Turns: 6796, Time: 00:20:37

Health: -15/54     AC:  4    Str:  9    XL:     8   Next: 46%
Magic:  14/14      EV: 14    Int: 18    God:    Dithmenos [***...]
Gold:   40         SH:  0    Dex: 14    Spells: 7/16 levels left

rFire    . . .     SeeInvis +   z - +1 dagger of the Forest {distort, +Inv rElec rC+ MR+} (curse)
rCold    + + +     Gourm    .   (no shield)
rNeg     + + +     Faith    .   b - +1 robe
rPois    ∞         Spirit   .   (no helmet)
rElec    +         Reflect  .   y - +0 cloak
rCorr    .         Harm     .   (no gloves)
MR       +....                  (no boots)
Stlth    +++++++++.             q - amulet of magic regeneration
HPRegen  0.00/turn              B - ring of wizardry
MPRegen  0.39/turn              x - ring of wizardry

@: bloodless, non-regenerating, wreathed by umbra
A: fangs 3, see invisible, unbreathing
a: Bat Form, Shadow Step, Renounce Religion, Evoke Invisibility


You were on level 6 of the Dungeon.
You worshipped Dithmenos.
Dithmenos was most pleased with you.
You were bloodless.

You visited 1 branch of the dungeon, and saw 6 of its levels.

You collected 400 gold pieces.
You spent 360 gold pieces at shops.

Inventory:

Hand Weapons
 a - a +1 dagger
 z - the cursed +1 dagger of the Forest (weapon) {distort, +Inv rElec rC+ MR+}
   (You found it on level 6 of the Dungeon)

   It warps and distorts space around it.
   Unwielding it can cause banishment or high damage.
   It protects you from cold.
   It insulates you from electricity.
   It affects your resistance to hostile enchantments.
   It lets you turn invisible.
   It has a curse placed upon it.
Armour
 b - a +1 robe (worn)
 y - a +0 cloak (worn)
Jewellery
 q - an amulet of magic regeneration (around neck)
 t - a +2 ring of evasion
 x - a ring of wizardry (right hand)
 B - a ring of wizardry (left hand)
Wands
 r - a wand of acid (2/15)
 w - a wand of acid (6/15)
Scrolls
 e - 4 scrolls of remove curse
 g - a scroll of fear
 j - 5 scrolls of amnesia
 k - 2 scrolls of magic mapping
 l - 4 scrolls of teleportation
 s - a scroll of fog
 v - 2 scrolls of enchant armour
 A - a scroll of identify
Potions
 d - 27 potions of blood
 f - a potion of flight
 h - 2 potions of ambrosia
 i - a potion of magic
 m - a potion of haste
 n - 3 potions of curing {unknown}
 o - 2 potions of might {unknown}
 p - 2 potions of berserk rage {unknown}
 u - a potion of degeneration {unknown}
 C - a potion of mutation {unknown}
 D - a potion of resistance
Books
 c - a book of Maledictions

   Spells                             Type                      Level
   a - Corona                         Hexes                        1
   b - Ensorcelled Hibernation        Hexes/Ice                    2
   c - Confuse                        Hexes                        3
   d - Tukima's Dance                 Hexes                        3
   e - Dazzling Spray                 Conjuration/Hexes            3


   Skills:
 + Level 1.3 Fighting
 + Level 2.9 Short Blades
 + Level 3.8 Dodging
 + Level 10.4 Stealth
 + Level 4.6 Spellcasting
 + Level 8.4 Hexes
 + Level 2.3 Ice Magic


You had 7 spell levels left.
You knew the following spells:

 Your Spells              Type           Power        Failure   Level  Hunger
a - Ensorcelled Hibernat  Hex/Ice        ###...       1%          2    #......
b - Confuse               Hex            ####....     1%          3    ###....
c - Tukima's Dance        Hex            ####....     1%          3    ###....
d - Corona                Hex            ####...      1%          1    None


Dungeon Overview and Level Annotations

Branches:
Dungeon (6/15)             Temple (0/1) D:6

Altars:
Dithmenos
Elyvilon

Shops:
D:4 =

Annotations:
D:6 1 transporter


Innate Abilities, Weirdness & Mutations

You do not heal naturally.
You are immune to poison.
You have razor-sharp teeth.
You have supernaturally acute eyesight. (SInv)
You can survive without breathing.


Message History

Some of your 31 potions of blood rot away.
One of your 28 potions of blood rots away.
C - a white potion
Found a stone staircase leading down.
Found a transporter.
There is a transporter here.
You enter the transporter and appear at another place.
D - a potion of resistance You open the gate.
A fire bat comes into view.
There is an open gate here.
You are engulfed in blazing flames.
There is an open gate here.
Really walk into a travel-excluded area?
You are engulfed in blazing flames.
Ouch! That really hurt!
* * * LOW HITPOINT WARNING * * *
You emit a cloud of dark smoke.
There is an open gate here.
You are engulfed in blazing flames.
You die...

##.....# #..#
#.....#####.######
##.©...............
##############.######
#§§§[©(§§b# #.# #
#§§§$?$§§§# #.# #
#§§§...§§§# #.# #
#§§§§§§§§§# #.# #
#.§§@§§§§§# #.# #
###§§§#### #.######
#.§§§.§§# #.......
#§§#.#§§# ########
#§§...§§# #..
#§§#©#§§# #.#
#§§§§§§§##########.#
#§§§§§§§#..........#
#########....####..#


You could see a fire bat (sleeping).

Vanquished Creatures
  Pikel (D:4)
  An ogre (D:4)
  A howler monkey (D:4)
  3 crimson imps
  2 hounds (D:6)
  Crazy Yiuf (D:4)
  2 orc priests
  2 bullfrog skeletons
  Jessica (D:3)
  2 iguanas (D:4)
  Ijyb (D:3)
  5 orc wizards
  Natasha (thrice) (D:3)
  2 worker ants
  A hound skeleton (D:4)
  Robin (D:4)
  7 gnolls
  A howler monkey skeleton (D:5)
  An adder (D:6)
  A shadow imp (D:6)
  2 oozes
  2 adder skeletons (D:4)
  5 worms
  4 dart slugs
  7 leopard geckos
  14 orcs
  2 giant cockroaches (D:1)
  12 hobgoblins
  2 jackals (D:4)
  12 kobolds
  A quokka (D:2)
  A ball python (D:2)
  7 bats
  2 frilled lizards
  17 goblins
  A jackal zombie (D:6)
  A leopard gecko skeleton (D:5)
  2 quokka skeletons (D:5)
  12 rats
  A fungus (D:4)
146 creatures vanquished.

Vanquished Creatures (collateral kills)
  3 gnolls (D:4)
3 creatures vanquished.

Vanquished Creatures (others)
  A slave (D:4)
  An adder skeleton (D:4)
  An orc (D:4)
3 creatures vanquished.

Grand Total: 152 creatures vanquished

Notes
Turn   | Place    | Note
-------+----------+-------------------------------------------
     0 | D:1      | grizmgrazm2 the Vampire Enchanter began the quest for the Orb.
     0 | D:1      | Reached XP level 1. HP: 13/13 MP: 3/3
   342 | D:1      | Reached XP level 2. HP: 18/19 MP: 1/5
   346 | D:1      | Learned a level 2 spell: Ensorcelled Hibernation
   510 | D:1      | Reached skill level 5 in Stealth
   966 | D:1      | Reached skill level 5 in Hexes
   966 | D:1      | Reached XP level 3. HP: 18/24 MP: 6/6
  1423 | D:2      | Found a shadowy altar of Dithmenos.
  1454 | D:2      | Became a worshipper of Dithmenos the Shadowed
  2512 | D:2      | Reached XP level 4. HP: 25/30 MP: 4/7
  4113 | D:3      | Noticed Natasha
  4125 | D:3      | Killed Natasha
  4125 | D:3      | Reached skill level 6 in Stealth
  4125 | D:3      | Reached XP level 5. HP: 28/35 MP: 1/9
  4149 | D:3      | Noticed Natasha
  4153 | D:3      | Reached skill level 1 in Ice Magic
  4160 | D:3      | Killed Natasha
  4162 | D:3      | Reached * piety under Dithmenos
  4246 | D:3      | Noticed Natasha
  4246 | D:3      | Found a faded altar of an unknown god.
  4249 | D:3      | Killed Natasha
  4339 | D:3      | You fall through a shaft for 2 floors!
  4339 | D:5      | Entered Level 5 of the Dungeon
  4356 | D:5      | Reached XP level 6. HP: 36/42 MP: 10/10
  4363 | D:5      | Learned a level 3 spell: Confuse
  4367 | D:5      | Learned a level 3 spell: Tukima's Dance
  4413 | D:5      | Reached skill level 7 in Stealth
  4950 | D:4      | Reached skill level 8 in Stealth
  5004 | D:4      | Reached XP level 7. HP: 47/47 MP: 3/12
  5089 | D:4      | Reached ** piety under Dithmenos
  5202 | D:4      | Noticed Robin
  5257 | D:3      | Noticed Jessica
  5265 | D:3      | Killed Jessica
  5292 | D:3      | Noticed Ijyb
  5390 | D:3      | Killed Ijyb
  5390 | D:3      | Reached skill level 9 in Stealth
  5603 | D:4      | Killed Robin
  5944 | D:4      | Noticed Pikel
  5952 | D:4      | Killed Pikel
  5952 | D:4      | Reached skill level 1 in Fighting
  5952 | D:4      | Reached XP level 8. HP: 50/54 MP: 8/14
  6006 | D:4      | Reached skill level 10 in Stealth
  6153 | D:4      | Reached *** piety under Dithmenos
  6161 | D:4      | Found Xumibbuumu's Jewellery Boutique.
  6166 | D:4      | Bought an uncursed ring of wizardry for 360 gold pieces
  6302 | D:4      | Found a runed door.
  6306 | D:4      | Noticed Crazy Yiuf
  6310 | D:4      | Killed Crazy Yiuf
  6353 | D:6      | Found a staircase to the Ecumenical Temple.
  6376 | D:6      | Got a fine dagger
  6377 | D:6      | Identified the cursed +1 dagger of the Forest {distort, +Inv rElec rC+ MR+} (You found it on level 6 of the Dungeon)
  6495 | D:6      | Found a white marble altar of Elyvilon.
  6701 | D:6      | Found a transporter.
  6780 | D:6      | Found a transporter.
  6795 | D:6      | HP: 2/54 [something (30)]
  6796 | D:6      | Engulfed by a cloud of flame

Vault maps used:
D:1:      lightli_arrival_lavapool, minmay_misc_feat_doors
D:2:      grunt_dithmenos_smoke, minmay_crystal_water
D:3:      chequers_ecumenical_altar_simple_redux, kennysheep_generic_room_16,
          uniq_ijyb, uniq_natasha, uniq_jessica
D:4:      serial_shops, kennysheep_little_box, uniq_crazy_yiuf_cottage,
          uniq_pikel, uniq_robin
D:5:      first_bread
D:6:      gammafunk_cloud_chamber, elyvilon_altar_5,
          minmay_temple_entry_junction_2

Skill      XL: |  1  2  3  4  5  6  7  8 |
---------------+-------------------------+-----
Stealth        | 5 6 8 9 10 | 10.4
Hexes          | 5 6 7 8 |  8.4
Ice Magic      | 1 2 |  2.3
Spellcasting   | 3 4 |  4.6
Short Blades   | 2 |  2.9
Dodging        | 3 |  3.8
Fighting       | 1 |  1.3

Action                   |  1- 3 |  4- 6 |  7- 9 || total
-------------------------+-------+-------+-------++-------
Melee: Dagger            |   121 |   137 |   142 ||   400
       Bite              |     8 |     9 |    12 ||    29
 Cast: Corona            |    11 |    12 |       ||    23
       Ensorcelled Hiber |    33 |    44 |    47 ||   124
       Confuse           |       |     6 |    18 ||    24
       Tukima's Dance    |       |       |     5 ||     5
 Abil: End Transformatio |       |     1 |       ||     1
       Bat Form          |       |     1 |       ||     1
  Use: Potion            |     1 |     3 |     1 ||     5
       Scroll            |       |    14 |     1 ||    15
 Stab: Sleeping          |    37 |    34 |    30 ||   101
       Confused          |       |     4 |    10 ||    14
Armor: Robe              |    20 |    11 |    14 ||    45
Dodge: Dodged            |    72 |    82 |    98 ||   252

Table legend:
 A = Spawn XP
 B = Non-spawn XP
 C = Spawn XP percentage of total XP
 D = Spawn monster count
 E = Non-spawn monster count
 F = Spawn count percentage of total count
 G = Total turns spent on level
                    A         B        C        D         E        F      G
               +---------+---------+-------+---------+---------+-------+---------
         Total |       0 |    2070 |   0.0 |       0 |     148 |   0.0 |  6796
               +---------+---------+-------+---------+---------+-------+---------
           D:1 |       0 |      43 |   0.0 |       0 |      23 |   0.0 |  1293
           D:2 |       0 |      61 |   0.0 |       0 |      28 |   0.0 |  2424
           D:3 |       0 |     353 |   0.0 |       0 |      37 |   0.0 |  1008
           D:4 |       0 |    1257 |   0.0 |       0 |      40 |   0.0 |  1076
           D:5 |       0 |     162 |   0.0 |       0 |      13 |   0.0 |   542
           D:6 |       0 |     194 |   0.0 |       0 |       7 |   0.0 |   453
               +---------+---------+-------+---------+---------+-------+---------
